 Dungeon Crawl Stone Soup version 0.30-a0-1050-g2766ea1e55 (webtiles) character file.

Game seed: 4483031415950258784

8990 Querens the Blocker (level 11, -1/89 HPs)
             Began as a Formicid Fighter on Apr 10, 2023.
             Was a High Priest of Okawaru.
             Slain by a troll (7 damage)
             ... on level 11 of the Dungeon.
             The game lasted 00:28:28 (6725 turns).

Querens the Blocker (Formicid Fighter)              Turns: 6725, Time: 00:28:29

Health: -1/89      AC: 16    Str: 26    XL:     11   Next: 66%
Magic:  15/15      EV:  7    Int:  7    God:    Okawaru [*****.]
Gold:   677        SH:  7    Dex: 19    Spells: 10/10 levels left

rFire   . . .      SeeInvis +    u - +2 broad axe (heavy)
rCold   + . .      Faith    .    c - +0 buckler
rNeg    . . .      Spirit   .    C - +0 plate armour
rPois   .          Reflect  .    (helmet unavailable)
rElec   .          Rampage  .    D - +1 cloak
rCorr   .                        (no gloves)
Will    +....                    (no boots) Stlth
                                 y - amulet of regeneration
HPRegen 1.14/turn                r - ring of protection from cold
MPRegen 0.14/turn                q - +6 ring of dexterity

@: no status effects
A: permanent stasis, dig shafts and tunnels, antennae 3, four strong arms
a: Dig, Shaft Self, Renounce Religion, Heroism, Finesse, Duel


You were on level 11 of the Dungeon.
You worshipped Okawaru.
Okawaru was extremely pleased with you.
You visited 2 branches of the dungeon, and saw 12 of its levels.
You also visited: Ossuary.

You collected 677 gold pieces.

Inventory:

Hand Weapons
 b - a +2 war axe
 u - a +2 heavy broad axe (weapon)
 I - a +1 war axe of freezing
Missiles
 n - a curare-tipped dart
Armour
 c - a +0 buckler (worn)
 C - a +0 plate armour (worn)
 D - a +1 cloak (worn)
 H - +0 swamp dragon scales
 J - a +1 ring mail of cold resistance
Jewellery
 e - a ring of resist corrosion
 q - a +6 ring of dexterity (right hand)
 r - a ring of protection from cold (left hand)
 y - an amulet of regeneration (around neck)
 A - a +6 ring of intelligence
 F - a ring of flight
Wands
 E - a wand of light (2)
 K - a wand of digging (3)
 L - a wand of paralysis (7)
Scrolls
 f - a scroll of silence {unknown}
 g - 6 scrolls of enchant weapon
 h - 5 scrolls of fear
 i - 3 scrolls of enchant armour
 j - a scroll of butterflies {unknown}
 k - 3 scrolls of amnesia {unknown}
 m - 5 scrolls of poison
 p - 4 scrolls of fog
 v - 3 scrolls of noise
 w - a scroll of torment {unknown}
 x - 4 scrolls of vulnerability {unknown}
 G - 2 scrolls of brand weapon {unknown}
Potions
 a - a potion of ambrosia {unknown}
 d - 3 potions of might
 l - 4 potions of curing
 o - 3 potions of flight
 s - 4 potions of mutation {unknown}
 t - a potion of degeneration {unknown}
 z - 2 potions of attraction
 B - 4 potions of lignification
 M - a potion of resistance {unknown}
 N - a potion of magic {unknown}


   Skills:
 + Level 9.0 Fighting
 * Level 10.3 Axes
 + Level 9.1 Armour
 + Level 10.9 Shields
 + Level 6.1 Invocations


You had 10 spell levels left.
You didn't know any spells.
Your spell library contained the following spells:

 Spells                   Type           Power      Damage    Failure   Level
 Necrotise                Necr           0%         1d4       99%         1
 Slow                     Hex            0%         N/A       99%         1
 Lesser Beckoning         Tloc           0%         N/A       100%        2
 Momentum Strike          Conj/Tloc      0%         3d8       100%        2
 Confusing Touch          Hex            0%         N/A       100%        3
 Dazzling Flash           Conj/Hex       0%         N/A       100%        3
 Hailstorm                Conj/Ice       0%         3d3       100%        3
 Portal Projectile        Hex/Tloc       0%         N/A       100%        3
 Vampiric Draining        Necr           0%         2d6       100%        3
 Vhi's Electric Charge    Tloc/Air       0%         N/A       100%        3
 Ice Form                 Ice/Tmut       0%         N/A       100%        4
 Leda's Liquefaction      Hex/Erth       0%         N/A       100%        4
 Agony                    Necr           0%         N/A       100%        5
 Arcjolt                  Conj/Air       0%         1d10      100%        5
 Silence                  Hex/Air        0%         N/A       100%        5
 Plasma Beam              Fire/Air       0%         2x1d11    100%        6
 Ozocubu's Refrigeration  Ice            0%         4d7       100%        7
 Polar Vortex             Ice            0%         N/A       100%        9
 Blink                    Tloc           Unusable   N/A       N/A         2
 Call Canine Familiar     Summ           Unusable   N/A       N/A         3
 Simulacrum               Ice/Necr       Unusable   N/A       N/A         6
 Malign Gateway           Summ/Tloc      Unusable   N/A       N/A         7
 Summon Horrible Things   Summ           Unusable   N/A       N/A         8

Dungeon Overview and Level Annotations

Branches:
Dungeon (11/15)            Temple (1/1) D:5         Ossuary (visited)
   Lair: D:8-11         Orc: D:9-12

Altars:
Ashenzari
Cheibriados
Dithmenos
Elyvilon
Fedhas
Gozag
Hepliaklqana
Kikubaaqudgha
Makhleb
Nemelex Xobeh
Okawaru
Qazlal
Ru
Sif Muna
Trog
Uskayaw
Vehumet
Wu Jian
Xom
Yredelemnul
Zin
The Shining One

Shops:
D:1 [


Innate Abilities, Weirdness & Mutations

You cannot be hasted, slowed, berserked, paralysed or teleported.
You can dig through walls and to a lower floor.
You have a pair of large antennae on your head. (SInv)
Your four strong arms can wield two-handed weapons with a shield.


Message History

* * * LOW HITPOINT WARNING * * *
The troll claws you but does no damage. x2
You closely miss the troll.
The troll is almost dead.
The troll bites you but does no damage. The troll claws you.
* * * LOW HITPOINT WARNING * * *
You block the troll's attack. x3; The troll closely misses you.
You closely miss the troll.
The troll is severely wounded.
The troll barely misses you. You block the troll's attack. The troll claws you.
* * * LOW HITPOINT WARNING * * *
The troll bites you.
* * * LOW HITPOINT WARNING * * *
The troll claws you but does no damage. You block the troll's attack.
You hit the troll.
The troll is almost dead.
The troll bites you but does no damage. The troll claws you.
* * * LOW HITPOINT WARNING * * *
The troll claws you.
* * * LOW HITPOINT WARNING * * *
Unknown command.
You barely miss the troll.
The troll is almost dead.
The troll bites you but does no damage. The troll closely misses you.
You block the troll's attack. The troll bites you but does no damage.
You block the troll's attack. The troll barely misses you.
You barely miss the troll.
The troll is severely wounded.
The troll barely misses you. The troll claws you but does no damage.
You block the troll's attack. The troll bites you.
* * * LOW HITPOINT WARNING * * *
The troll claws you but does no damage. You block the troll's attack.
Okay, then.
Unknown command.
Unknown command.
Unknown command.
You barely miss the troll.
The troll is severely wounded.
The troll bites you!
You die...

#. #. #.
#.##.#..
......#
..... .... .
#..##
....##...##
......T@..#
#####.##...#
# .#.# .# ..
.. ## #. .#
[.


You could see a troll.

Vanquished Creatures
  3 two-headed ogres
  Joseph (D:8)
  Maggie (D:8)
  An unseen horror (D:10)
  3 trolls
  A hornet (D:10)
  10 yaks
  A wraith (Ossuary)
  2 wyverns (D:7)
  Eustachio (D:5)
  2 steam dragons
  2 black bears
  4 orc warriors
  A sky beast (D:7)
  An ice beast (D:5)
  An ogre (D:7)
  7 centaurs
  2 kobold brigands
  Blork the orc (D:4)
  An elf zombie (Ossuary)
  2 bullfrogs
  4 wights (D:6)
  10 killer bees
  3 howler monkeys
  4 hounds
  A human zombie (Ossuary)
  A jelly (D:7)
  5 orc priests
  A gnoll bouda (D:6)
  Crazy Yiuf (D:6)
  4 iguanas
  4 orc wizards
  3 mummies (Ossuary)
  9 gnolls (D:6)
  6 adders
  A white imp (D:6)
  A dart slug (D:3)
  18 orcs
  13 ball pythons
  6 bats
  5 endoplasms
  5 giant cockroaches
  7 goblins
  8 hobgoblins
  15 jackals
  5 quokkas
  4 frilled lizards
  A gnoll zombie (Ossuary)
  3 goblin zombies (Ossuary)
  2 hobgoblin zombies (Ossuary)
  7 kobolds
  3 kobold zombies (Ossuary)
  An orc zombie (Ossuary)
  3 rats
212 creatures vanquished.

Vanquished Creatures (others)
  2 fungi (D:6)
  2 plants (D:2)
4 creatures vanquished.

Grand Total: 216 creatures vanquished

Notes
Turn   | Place    | Note
-------+----------+-------------------------------------------
     0 | D:1      | Querens the Formicid Fighter began the quest for the Orb.
     0 | D:1      | Reached XP level 1. HP: 18/18 MP: 1/1
    73 | D:1      | Reached XP level 2. HP: 20/24 MP: 2/2
   257 | D:1      | Found Foocaugg's Antique Armour Shop.
   415 | D:1      | Reached XP level 3. HP: 27/29 MP: 3/3
   735 | D:2      | Found a faded altar of an unknown god.
   860 | D:2      | Reached XP level 4. HP: 36/37 MP: 4/4
  1323 | D:3      | Reached skill level 5 in Shields
  1344 | D:3      | Reached XP level 5. HP: 35/42 MP: 5/5
  1490 | D:3      | Found a hazy altar of Hepliaklqana.
  1853 | D:4      | Noticed Blork the orc
  1870 | D:4      | Killed Blork the orc
  1871 | D:4      | Reached XP level 6. HP: 17/49 MP: 6/6
  2228 | D:4      | Found a sand-covered staircase.
  2235 | Ossuary  | Entered an ossuary
  2235 | Ossuary  | Noticed a wraith
  2235 | Ossuary  | Noticed a wraith
  2235 | Ossuary  | Noticed a wraith
  2271 | Ossuary  | Noticed a wraith
  2290 | Ossuary  | Killed a wraith
  2291 | Ossuary  | Reached XP level 7. HP: 28/55 MP: 7/7
  2320 | Ossuary  | Reached skill level 5 in Armour
  2431 | Ossuary  | Reached skill level 5 in Fighting
  2702 | D:5      | Entered Level 5 of the Dungeon
  2895 | D:5      | Noticed Eustachio
  2915 | D:5      | HP: 2/56 [Eustachio/+0 rapier (1)]
  2924 | D:5      | Killed Eustachio
  2925 | D:5      | Reached XP level 8. HP: 5/63 MP: 8/8
  3150 | D:5      | Found a sparkling altar of Nemelex Xobeh.
  3173 | D:5      | Found a staircase to the Ecumenical Temple.
  3194 | Temple   | Entered the Ecumenical Temple
  3247 | Temple   | Became a worshipper of Warmaster Okawaru
  3470 | D:6      | Reached skill level 5 in Axes
  3883 | D:6      | Noticed a yak
  3883 | D:6      | Noticed a yak
  3936 | D:6      | Noticed a yak
  3952 | D:5      | Killed a yak
  3952 | D:5      | Reached * piety under Okawaru
  3953 | D:5      | Reached XP level 9. HP: 33/70 MP: 9/9
  4251 | D:6      | Found a runed translucent door.
  4252 | D:6      | Noticed Crazy Yiuf
  4258 | D:6      | Killed Crazy Yiuf
  4327 | D:7      | Reached ** piety under Okawaru
  4328 | D:7      | Reached skill level 1 in Invocations
  4562 | D:7      | Found a shimmering altar of Xom.
  5021 | D:8      | Reached XP level 10. HP: 77/79 MP: 11/11
  5062 | D:8      | Noticed Maggie
  5083 | D:8      | Killed Maggie
  5161 | D:8      | Noticed a two-headed ogre
  5169 | D:8      | Killed a two-headed ogre
  5169 | D:8      | Reached *** piety under Okawaru
  5321 | D:8      | Found an opulent altar of Gozag.
  5336 | D:8      | Found a blossoming altar of Fedhas.
  5342 | D:8      | Noticed Joseph
  5355 | D:8      | Killed Joseph
  5394 | D:8      | Noticed a two-headed ogre
  5404 | D:8      | Killed a two-headed ogre
  5404 | D:8      | Reached **** piety under Okawaru
  5405 | D:8      | Reached skill level 10 in Shields
  5542 | D:8      | Reached XP level 11. HP: 74/84 MP: 14/14
  5841 | D:9      | Reached skill level 5 in Invocations
  5914 | D:9      | Reached ***** piety under Okawaru
  5977 | D:9      | Noticed a two-headed ogre
  5987 | D:9      | Killed a two-headed ogre
  5987 | D:9      | Received a gift from Okawaru
  6007 | D:9      | Found a shimmering blue altar of Sif Muna.
  6196 | D:10     | Entered Level 10 of the Dungeon
  6206 | D:10     | Reached skill level 10 in Axes
  6285 | D:10     | Identified the +0 ring mail of Dogmatism {rC+}
  6722 | D:11     | HP: 4/89 [troll (4)]
  6725 | D:11     | Slain by a troll

Illustrated notes

Levels and vault maps discovered:
D:1:      minmay_arrival_checkered_box, layout_loops_corners, serial_shops,
          nicolae_shop_hallway_stairs
D:2:      minmay_chambers_of_ones, layout_basic,
          chequers_ecumenical_altar_simple, minmay_shallow_snake_nest
D:3:      layout_loops_cross, nicolae_overflow_hidden_temple, chequers_jeans
D:4:      layout_basic, enter_ossuary_3, uniq_blork_the_orc
D:5:      layout_gridville, nemelex_spade_bored_becter,
          minmay_temple_entry_gardened_gates, uniq_eustachio
D:6:      layout_gridville, uniq_crazy_yiuf_cottage
D:7:      layout_basic, xom_teletrap_fun, minivault_25
D:8:      layout_basic, mainiacjoe_overflow_swirl, minivault_27,
          kennysheep_another_room, minmay_misc_feat_tower, uniq_maggie,
          uniq_joseph
D:9:      layout_loops_ring, kennysheep_orc_sif_temple
D:10:     layout_basic, grunt_ministairs_11
D:11:     layout_rooms, lair_entry_dummy, orc_0_dummy,
          portal_ice_cave_demonic_guard, nicolae_concentric_dashed_squares_wild
Temple:   nicolae_temple_elliptical

Skill      XL: |  1  2  3  4  5  6  7  8  9 10 11 |
---------------+----------------------------------+-----
Armour         | 4 5 6 7 8 9 |  9.1
Shields        | 5 6 7 8 10 | 10.9
Fighting       | 4 5 6 7 8 9 |  9.0
Axes           | 3 4 6 7 9 10 | 10.3
Invocations    | 2 4 6 |  6.1

Action                     |  1- 3 |  4- 6 |  7- 9 | 10-12 || total
---------------------------+-------+-------+-------+-------++-------
  Melee: War axe           |    76 |   143 |   289 |   156 ||   664
         Broad axe         |       |       |       |    40 ||    40
 Invoke: Heroism           |       |       |       |     2 ||     2
Ability: Dig               |       |       |     1 |     2 ||     3
  Evoke: Wand              |       |       |       |     4 ||     4
    Use: Potion            |       |     8 |     3 |       ||    11
         Scroll            |       |       |       |     8 ||     8
   Stab: Invisible         |       |       |       |     4 ||     4
 Armour: Scale mail        |    50 |    54 |   101 |       ||   205
         Skin              |       |     7 |       |       ||     7
         Plate armour      |       |       |    43 |   148 ||   191
  Dodge: Dodged            |    51 |    67 |   124 |    89 ||   331
  Block: Buckler           |    24 |    53 |   125 |   109 ||   311

Table legend: (Time is in decaauts)
 A = Elapsed time spent in this place.
 B = Non-inter-level travel time spent in this place.
 C = Inter-level travel time spent in this place.
 D = Time resting spent in this place.
 E = Time spent auto-exploring this place.
 F = Levels seen in this place.
 G = Mean time per level.
                   A        B        C        D        E       F      G
               +--------+--------+--------+--------+--------+-----+--------+
         Total |   6911 |   6356 |    555 |     25 |      0 |  13 |  531.6 |
       Dungeon |   6459 |   5912 |    547 |     25 |      0 |  11 |  587.2 |
        Temple |     91 |     83 |      8 |      0 |      0 |   1 |   91.0 |
       Ossuary |    361 |    361 |      0 |      0 |      0 |   1 |  361.0 |
               +--------+--------+--------+--------+--------+-----+--------+

Top non-repeatable levels by time:
     D:6: 810 daAuts
     D:5: 738 daAuts
     D:7: 726 daAuts
     D:1: 687 daAuts
     D:8: 652 daAuts
     D:3: 624 daAuts
     D:2: 592 daAuts
     D:9: 537 daAuts
     D:4: 535 daAuts
    D:10: 524 daAuts
 Ossuary: 361 daAuts
  Temple: 91 daAuts
    D:11: 29 daAuts
